 Dungeon Crawl Stone Soup version 0.30-a0-223-gcb0039aa0c (webtiles) character file.

Game seed: 7218653288682320870

65 ryw the Trooper (level 3, -5/30 HPs)
             Began as a Demonspawn Monk on Oct 9, 2022.
             Was a Priest of Vehumet.
             Slain by an ogre
             ... wielding a +0 giant club
              (22 damage)
             ... on level 4 of the Dungeon.
             The game lasted 00:03:32 (1141 turns).

ryw the Trooper (Demonspawn Monk)                   Turns: 1141, Time: 00:03:33

Health: -5/30      AC:  2    Str: 11    XL:     3   Next: 94%
Magic:  5/5        EV: 12    Int: 13    God:    Vehumet [***...]
Gold:   44         SH:  0    Dex: 15    Spells: 4/5 levels left

rFire   . . .      SeeInvis .    j - +0 flail
rCold   . . .      Faith    .    (no shield)
rNeg    . . .      Spirit   .    a - +0 robe
rPois   .          Reflect  .    (no helmet)
rElec   .          Harm     .    (no cloak)
rCorr   .          Rampage  .    (no gloves)
Will    .....                    (no boots)
Stlth   ++........               (no amulet)
HPRegen 0.25/turn                (no ring)
MPRegen 0.09/turn                (no ring)

@: attractive
A: demonic guardian 1
a: Renounce Religion


You were on level 4 of the Dungeon.
You worshipped Vehumet.
Vehumet was most pleased with you.
You visited 1 branch of the dungeon, and saw 4 of its levels.

You collected 44 gold pieces.

Inventory:

Hand Weapons
 j - a +0 flail (weapon)
Armour
 a - a +0 robe (worn)
 e - a +1 ring mail of willpower
Scrolls
 b - 2 scrolls of acquirement {unknown}
 c - 3 scrolls of identify {unknown}
 h - a scroll of teleportation {unknown}
 i - a scroll of blinking {unknown}
Potions
 f - a potion of berserk rage {unknown}
 g - a potion of magic {unknown}


   Skills:
 - Level 3.7 Fighting
 - Level 2.6 Dodging
 - Level 1.7 Stealth
 - Level 2.6 Unarmed Combat
 * Level 1.7 Spellcasting
 + Level 1.2 Conjurations
 + Level 1.0 Air Magic


You had 4 spell levels left.
You knew the following spells:

 Your Spells              Type           Power      Damage    Failure   Level
a - Shock                 Conj/Air       16%        1d4       4%          1

Your spell library contained the following spells:

 Spells                   Type           Power      Damage    Failure   Level
 Static Discharge         Conj/Air       8%         2-3/arc   7%          2


Dungeon Overview and Level Annotations

Branches:
Dungeon (4/15)
 Temple: D:4-7

Altars:
Vehumet

Shops:
D:1 :


Innate Abilities, Weirdness & Mutations

A weak demonic guardian rushes to your aid.


Message History

The orc is almost dead.
The orc barely misses you.
You hit the orc.
You kill the orc!
Vehumet accepts your kill.
Unknown command.
You start resting.
HP restored.
You see here a +0 flail.
j - a +0 flail
j - a +0 flail (weapon)
Unknown command.
Found a stone staircase leading down.
Found a scale mail.
A kobold comes into view. It is wielding a +0 club.
The kobold shouts!
You hear an angry hiss.
An ogre comes into view. It is wielding a +0 giant club.
The kobold barely misses you. The kobold attacks as you move away!
The kobold barely misses you.
You hit the kobold but do no damage. The kobold closely misses you.
You hit the kobold.
You kill the kobold!
Vehumet accepts your kill.
It was a potion of attraction.
You feel attractive to monsters.
You see here a +0 club.
The ogre is attracted toward you.
The ogre shouts!
You hit the ogre.
The ogre is lightly wounded.
The ogre hits you with a +0 giant club!
You see here a +0 club.
You hit the ogre.
The ogre is moderately wounded.
The ogre completely misses you.
You hit the ogre but do no damage.
The ogre is moderately wounded.
The ogre hits you with a +0 giant club!!
Ouch! That really hurt!
You die...

#... #........ ...
..#####.####### #..
..##........# #.#
#.##.##.###.# # #[#
#.##.##.# #.# #
#.##.###.##.##.#
#.###
#.....##.##.##.#
#....
##..#O##.##.##.#
#####
#..§#@##.##.##.####
#'###.##.........>.
≈≈. #.......##.####
#≈# ######### # #≈
#


You could see an ogre.

Vanquished Creatures
  An adder (D:4)
  A worm (D:4)
  An orc (D:4)
  2 ball pythons
  3 endoplasms (D:1)
  A giant cockroach (D:4)
  2 hobgoblins (D:1)
  2 kobolds
  A quokka (D:1)
  A bat (D:1)
  3 frilled lizards (D:1)
  3 goblins
  2 rats (D:1)
23 creatures vanquished.

Vanquished Creatures (collateral kills)
  A gnoll (D:3)
  2 adders
  A bat (D:3)
4 creatures vanquished.

Vanquished Creatures (others)
  2 plants (D:1)
2 creatures vanquished.

Grand Total: 29 creatures vanquished

Notes
Turn   | Place    | Note
-------+----------+-------------------------------------------
     0 | D:1      | ryw the Demonspawn Monk began the quest for the Orb.
     0 | D:1      | Reached XP level 1. HP: 18/18 MP: 1/1
   153 | D:1      | Gained mutation: A weak demonic guardian rushes to your
                  | aid. [demonic ancestry]
   153 | D:1      | Reached XP level 2. HP: 24/24 MP: 2/2
   240 | D:1      | Found a faded altar of an unknown god.
   247 | D:1      | Prayed at the altar of an unknown god.
   247 | D:1      | Became a worshipper of Vehumet
   247 | D:1      | Reached * piety under Vehumet
   247 | D:1      | Offered knowledge of Shock by Vehumet.
   247 | D:1      | Reached ** piety under Vehumet
   293 | D:1      | Found Adghefag's Book Shoppe.
   306 | D:1      | Learned a level 1 spell: Shock
   323 | D:1      | Offered knowledge of Searing Ray by Vehumet.
   505 | D:1      | Offered knowledge of Static Discharge by Vehumet.
   822 | D:2      | You fall into a shaft and drop 1 floor!
   835 | D:3      | Reached *** piety under Vehumet
   836 | D:3      | Reached XP level 3. HP: 15/30 MP: 4/4
   841 | D:3      | Reached skill level 1 in Spellcasting
   910 | D:4      | Reached skill level 1 in Conjurations
   952 | D:4      | Reached skill level 1 in Air Magic
  1128 | D:4      | Noticed an ogre
  1141 | D:4      | Slain by an ogre

Illustrated notes

Levels and vault maps discovered:
D:1:      pf_arrival_petrified_forest, layout_rooms,
          hellmonk_ecumenical_altar_crossroads, serial_shops, shop,
          serial_bayou_pond_b, serial_bayou_pond_c, feat_on_display
D:2:      layout_basic
D:3:      layout_loops_ring, grunt_gozag_statues, bloody_makhleb,
          nicolae_elyvilon_peaceful_grove, minmay_joined_circles
D:4:      layout_loops_ring, trog_hazing_becter, kennysheep_little_box,
          chequers_serial_rivers_micro_a, serial_bayou_ford_a,
          minmay_misc_feat_plants

Skill      XL: |  1  2  3 |
---------------+----------+-----
Spellcasting   | 1 |  1.7
Conjurations   | 1 |  1.2
Air Magic      | 1 |  1.0
Fighting       | |  3.7
Dodging        | |  2.6
Stealth        | |  1.7
Unarmed Combat | |  2.6

Action                   || total
-------------------------++-------
Melee: Unarmed           ||   100
       Punch             ||     2
       Flail             ||     5
  Use: Potion            ||     2
 Stab: Sleeping          ||     3
Armor: Robe              ||    19
Dodge: Dodged            ||    75

Table legend: (Time is in decaauts)
 A = Elapsed time spent in this place.
 B = Non-inter-level travel time spent in this place.
 C = Inter-level travel time spent in this place.
 D = Time resting spent in this place.
 E = Time spent auto-exploring this place.
 F = Levels seen in this place.
 G = Mean time per level.
                   A        B        C        D        E       F      G
               +--------+--------+--------+--------+--------+-----+--------+
         Total |   1142 |   1128 |     14 |    150 |    625 |   4 |  285.5 |
       Dungeon |   1142 |   1128 |     14 |    150 |    625 |   4 |  285.5 |
               +--------+--------+--------+--------+--------+-----+--------+

Top non-repeatable levels by time:
     D:1: 608 daAuts
     D:4: 290 daAuts
     D:2: 216 daAuts
     D:3: 27 daAuts
